 Dungeon Crawl Stone Soup version 0.32-a0-141-g04fe69798e (webtiles) character file.

Game seed: 12428333456738288248

765 EC1 the Shield-Bearer (level 7, 0/61 HPs)
             Began as a Minotaur Fighter on Feb 11, 2024.
             Was a Follower of Makhleb.
             Succumbed to a water moccasin's poison
             ... on level 5 of the Dungeon.
             The game lasted 00:11:17 (4592 turns).

EC1 the Shield-Bearer (Minotaur Fighter)            Turns: 4592, Time: 00:11:18

Health: 0/61       AC: 12    Str: 28    XL:     7   Next: 52%
Magic:  6/6        EV:  9    Int:  5    God:    Makhleb [*.....]
Gold:   147        SH: 12    Dex: 10    Spells: 6/6 levels left

rFire   . . .        u - +0 morningstar
rCold   . . .        c - +2 buckler
rNeg    . . .        z - +0 chain mail
rPois   .            (helmet restricted)
rElec   .            r - +0 cloak
rCorr   .            v - +0 pair of gloves
SInv    +            (no boots)
Will    .....        n - amulet of reflection Stlth
                     w - ring of see invisible
HPRegen 0.30/turn    D - +6 ring of strength
MPRegen 0.10/turn

%: reflection
@: mighty, lethally poisoned (0 -> -1)
A: horns 2, retaliatory headbutt
a: Renounce Religion


You were on level 5 of the Dungeon.
You worshipped Makhleb.
Makhleb was aware of your devotion.
You visited 1 branch of the dungeon, and saw 5 of its levels.

You collected 147 gold pieces.

Inventory:

Hand Weapons
 a - a +0 war axe
 q - a +4 quarterstaff of chaos
 s - a +0 hammer
 u - a +0 morningstar (weapon)
 x - a +0 sling
 B - a +0 halberd
 C - a +0 halberd
Armour
 b - a +0 scale mail
 c - a +2 buckler (worn)
 r - a +0 cloak (worn)
 v - a +0 pair of gloves (worn)
 z - a +0 chain mail (worn)
 A - a +0 buckler
Jewellery
 n - an amulet of reflection (around neck)
 t - a ring of willpower
 w - a ring of see invisible (left hand)
 y - an amulet of faith
 D - a +6 ring of strength (right hand)
Talismans
 k - a flux talisman
Wands
 p - a wand of flame (37) (quivered)
Scrolls
 g - a scroll of teleportation
 h - 4 scrolls of amnesia
 j - 2 scrolls of fog
 l - a scroll of vulnerability
 E - a scroll of blinking
Potions
 d - a potion of might
 e - 2 potions of attraction
 f - 2 potions of haste {unknown}
 i - 2 potions of curing {unknown}
 m - 2 potions of cancellation {unknown}
 o - 2 potions of degeneration {unknown}
 F - a potion of enlightenment {unknown}


   Skills:
 + Level 5.3 Fighting
 + Level 4.5(5.4) Axes
 + Level 4.6(5.5) Maces & Flails
 + Level 5.4 Armour
 + Level 2.0 Dodging
 + Level 0.4 Stealth
 + Level 5.9 Shields


You had 6 spell levels left.
You didn't know any spells.
Your spell library contained the following spells:

 Spells                   Type           Power      Damage    Failure   Level
 Lesser Beckoning         Tloc           0%         N/A       98%         2
 Call Canine Familiar     Summ           0%         N/A       100%        3
 Fugue of the Fallen      Necr           0%         N/A       100%        3
 Gell's Gravitas          Tloc           0%         N/A       100%        3
 Ozocubu's Armour         Ice            0%         N/A       100%        3
 Sigil of Binding         Hex            0%         N/A       100%        3
 Teleport Other           Tloc           0%         N/A       100%        3
 Dimensional Bullseye     Hex/Tloc       0%         N/A       100%        4
 Manifold Assault         Tloc           0%         N/A       100%        4


Dungeon Overview and Level Annotations

Branches:
Dungeon (5/15)             Temple (0/1) D:5

Altars:
Makhleb
Nemelex Xobeh
Sif Muna

Annotations:
D:5 Grinder


Innate Abilities, Weirdness & Mutations

You have a pair of horns on your head.
You reflexively headbutt those who attack you in melee.


Message History

You feel sick.
You are no longer poisoned.
You feel very mighty all of a sudden. You block the water moccasin's attack.
You hit the water moccasin but do no damage.
Your headbutt misses the water moccasin.
The water moccasin is lightly wounded.
The water moccasin bites you.
You are poisoned.
The water moccasin poisons you! You block the water moccasin's attack.
You hit the water moccasin.
The water moccasin is moderately wounded.
* * * LOW HITPOINT WARNING * * *
You feel very sick. The water moccasin bites you.
* * * LOW HITPOINT WARNING * * *
You block the water moccasin's attack.
* * * LOW HITPOINT WARNING * * *
You feel very sick.
The water moccasin attacks as it pursues you!
The water moccasin closely misses you.
* * * LOW HITPOINT WARNING * * *
You feel sick.
Grinder blinks!
The water moccasin bites you but does no damage.
* * * LOW HITPOINT WARNING * * *
You feel sick.
* * * LOW HITPOINT WARNING * * *
You feel sick.
Grinder blinks!
* * * LOW HITPOINT WARNING * * *
You feel sick. You block the water moccasin's attack.
* * * LOW HITPOINT WARNING * * *
You feel sick.
The water moccasin attacks as it pursues you!
The water moccasin bites you but does no damage.
* * * LOW HITPOINT WARNING * * *
You feel sick.
* * * LOW HITPOINT WARNING * * *
You feel sick.
The water moccasin bites you but does no damage.
You die...

#....####.....##..
#.#'## #.....##...#
#.#.#####.#.........
#.#.#.#.#.#.#.#.....
#.#..#.#.#.#+#.#.#.#
#.#.#.#.#.#.....#.#.
#.#..#.#.#+....#.#.#
#.#.#.#+#.#....+#.#.
#@.#...#+....#.#.#
#.#+...'#.....#.#.
#S.#...#.#+#.#.#.#
#.#+...+#.#.#.#.#.
#####+#..#...#.#.#.#.#.#
#.......#.....#.#.#.#.#.
#........#.#.#.#+#.#.#.#
#.......#.#.#.....#.#.#.
#........#.#.#....+#.#.#


You could see a water moccasin.

Vanquished Creatures
  Eustachio (D:5)
  3 scorpions
  A bombardier beetle (D:5)
  Crazy Yiuf (D:2)
  2 jellies (D:4)
  A sleepcap (D:4)
  An iguana (D:4)
  Natasha (D:2)
  An orc wizard (D:4)
  Robin (D:2)
  4 adders
  6 gnolls (D:5)
  A white imp (D:5)
  An ufetubus (D:4)
  2 dart slugs
  9 orcs
  2 endoplasms
  A giant cockroach (D:2)
  15 goblins
  6 hobgoblins
  7 jackals (D:3)
  6 kobolds
  4 quokkas
  6 ball pythons
  8 bats
  2 frilled lizards (D:1)
  5 rats
98 creatures vanquished.

Notes
Turn   | Place    | Note
-------+----------+-------------------------------------------
     0 | D:1      | EC1 the Minotaur Fighter began the quest for the Orb.
     0 | D:1      | Reached XP level 1. HP: 19/19 MP: 0/0
   325 | D:1      | Reached XP level 2. HP: 27/27 MP: 1/1
   908 | D:2      | Reached XP level 3. HP: 33/33 MP: 2/2
   993 | D:2      | Noticed Natasha
   999 | D:2      | Killed Natasha
  1134 | D:2      | Noticed Robin
  1143 | D:2      | Reached XP level 4. HP: 33/40 MP: 3/3
  1152 | D:2      | Killed Robin
  1179 | D:2      | Found a runed translucent door.
  1180 | D:2      | Noticed Crazy Yiuf
  1982 | D:2      | Killed Crazy Yiuf
  2382 | D:3      | Found a burning altar of Makhleb.
  2402 | D:3      | Reached XP level 5. HP: 47/47 MP: 4/4
  2404 | D:3      | Became a worshipper of Makhleb the Destroyer
  3229 | D:4      | Reached skill level 1 in Maces & Flails
  3548 | D:4      | Reached skill level 1 in Dodging
  3733 | D:4      | Reached skill level 5 in Fighting
  3733 | D:4      | Reached XP level 6. HP: 48/56 MP: 5/5
  3753 | D:4      | Reached * piety under Makhleb
  3809 | D:4      | Reached skill level 5 in Shields
  3971 | D:4      | Found a shimmering blue altar of Sif Muna.
  4110 | D:5      | Entered Level 5 of the Dungeon
  4148 | D:5      | Reached skill level 5 in Armour
  4162 | D:5      | Noticed Eustachio
  4176 | D:5      | Killed Eustachio
  4177 | D:5      | Reached XP level 7. HP: 44/61 MP: 6/6
  4328 | D:5      | Found a sparkling altar of Nemelex Xobeh.
  4470 | D:5      | Found a staircase to the Ecumenical Temple.
  4559 | D:5      | Noticed Grinder
  4588 | D:5      | HP: 3/61 [poisoned by a water moccasin]
  4590 | D:5      | HP: 1/61 [poisoned by a water moccasin]
  4592 | D:5      | Succumbed to a water moccasin's poison

Illustrated notes

Levels and vault maps discovered:
D:1:      ncdulo_lavacross, layout_loops_ring
D:2:      layout_basic, uniq_crazy_yiuf_cottage, uniq_natasha, uniq_robin
D:3:      layout_basic, nicolae_overflow_crystal_walls
D:4:      layout_basic, marbit_many_paths
D:5:      layout_basic, nicolae_overflow_hidden_temple, temple_statues,
          uniq_grinder, uniq_eustachio

Skill      XL: |  1  2  3  4  5  6  7 |
---------------+----------------------+-----
Axes           | 3 4 |  4.5
Shields        | 4 5 |  5.9
Fighting       | 4 5 |  5.3
Armour         | 4 5 |  5.4
Maces & Flails | 2 3 4 |  4.6
Dodging        | 1 2 |  2.0
Stealth        | |  0.4

Action                     |  1- 3 |  4- 6 |  7- 9 || total
---------------------------+-------+-------+-------++-------
  Melee: War axe           |    59 |    28 |       ||    87
         Headbutt          |     9 |    26 |     6 ||    41
         Mace              |       |    66 |       ||    66
         Morningstar       |       |    58 |    34 ||    92
    Use: Scroll            |     4 |     6 |       ||    10
         Potion            |       |       |     1 ||     1
 Armour: Scale mail        |    39 |    72 |       ||   111
         Chain mail        |       |    26 |    21 ||    47
  Dodge: Dodged            |    24 |    67 |    13 ||   104
  Block: Buckler           |    15 |    86 |    23 ||   124
         Reflection        |       |     2 |       ||     2

Table legend: (Time is in decaauts)
 A = Elapsed time spent in this place.
 B = Non-inter-level travel time spent in this place.
 C = Inter-level travel time spent in this place.
 D = Time resting spent in this place.
 E = Time spent auto-exploring this place.
 F = Levels seen in this place.
 G = Mean time per level.
                   A        B        C        D        E       F      G
               +--------+--------+--------+--------+--------+-----+--------+
         Total |   4672 |   4476 |    196 |    337 |   2970 |   5 |  934.4 |
       Dungeon |   4672 |   4476 |    196 |    337 |   2970 |   5 |  934.4 |
               +--------+--------+--------+--------+--------+-----+--------+

Top non-repeatable levels by time:
     D:2: 1543 daAuts
     D:3: 991 daAuts
     D:4: 945 daAuts
     D:1: 696 daAuts
     D:5: 496 daAuts
